[Event "44th Chess Olympiad Women 2022"]
[Site "Chennai"]
[Date "2022.07.30"]
[Round "2.25"]
[White "Gueci, Tea"]
[Black "Jannatul, Ferdous"]
[Result "1/2-1/2"]
[ECO "B12"]
[WhiteElo "2254"]
[BlackElo "1815"]
[Annotator "TA"]
[PlyCount "169"]
[EventDate "2022.07.29"]
[EventType "team-tourn"]
[EventCountry "IND"]
[SourceTitle "playchess.com"]
[Source "ChessBase"]
[SourceQuality "1"]
[WhiteTeam "Italy"]
[BlackTeam "Bangladesh"]
[WhiteTeamCountry "ITA"]
[BlackTeamCountry "BAN"]
[TimeControl "40/5400+30:1800+30"]

1. e4 c6 2. d4 d5 3. e5 Bf5 4. h4 h5 5. Bd3 Bxd3 6. Qxd3 e6 7. Nf3 Qa5+ {[%emt 0:01:33] B12: Caro-Kann: Advance Variation.} 8. Nbd2 Qa6 9. c4 Nh6 10. O-O Nf5 11. b3 Be7 12. a4 Nd7 13. Ba3 {[%emt 0:08:51] [#]} O-O $146 (13... Bxh4 $11 14. Rfb1 (14. Nxh4 Nxh4 15. Qc3 Nf5 $11) 14... Qb6) ({Predecessor:} 13... c5 14. Qc3 Qc6 15. Rfd1 O-O 16. cxd5 exd5 17. Rac1 Rac8 18. Qd3 Qe6 19. Re1 Rc6 20. dxc5 Nxc5 {½-½ (52) Gumularz,S (2539)-Fridman,D (2626) Katowice 2021}) 14. Bxe7 $14 Nxe7 15. Ng5 Nf5 16. f3 $2 (16. Rfd1 $14) 16... Qb6 $19 17. c5 Qb4 18. f4 (18. Rac1 $142) 18... Qxd4+ 19. Qxd4 Nxd4 20. b4 a5 21. Rab1 Ne2+ 22. Kh2 Nc3 23. Rb3 axb4 24. Rxb4 Nxc5 25. Nb3 Rxa4 26. Rb6 Nxb3 27. Rxb3 Nb5 28. g3 g6 29. g4 Ra3 30. Rxa3 Nxa3 31. gxh5 gxh5 {[%emt 0:01:02][%mdl 4096] Endgame KRN-KRN} 32. f5 exf5 33. Rxf5 Nc4 34. Nf3 Ra8 35. Rg5+ Kf8 36. Rxh5 Ra3 37. Rf5 Re3 38. h5 Kg7 {[%emt 0:00:21] ...b5 is the strong threat.} 39. Rg5+ Kh6 40. Rf5 d4 41. Nxd4 Rxe5 42. Rxf7 Rxh5+ 43. Kg3 {[%emt 0:00:42] [#]} Rd5 (43... Na5 $1 $19 {and Black stays clearly on top.} 44. Rf8 Kg6) 44. Ne6 $17 Rd3+ 45. Kf2 b5 ({Black should try} 45... Rd2+ $17 46. Kg3 Nd6 47. Rf6+ Kh7) 46. Rf6+ $15 Kh5 47. Ng7+ {[%emt 0:00:57][%mdl 64] [#] Discovered Attack} Kg4 {[%emt 0:00:32] Strongly threatening ...Rc3.} 48. Rxc6 Na3 49. Ke2 Rd7 50. Ne6 b4 51. Nc5 Rd5 52. Rb6 Rxc5 53. Rxb4+ {[%emt 0:00:03] KRN-KR} Kf5 54. Rh4 Ke6 55. Rh6+ Kd7 56. Kd3 Nb5 57. Rg6 Rc3+ 58. Ke4 Nc7 59. Kd4 Rh3 60. Ke5 Rh5+ 61. Ke4 Ne6 62. Rg2 Nc5+ 63. Kd4 Kd6 64. Rg6+ Ne6+ 65. Ke4 Re5+ 66. Kf3 Kd5 67. Rg8 Nd4+ 68. Kf4 Rf5+ 69. Ke3 Rf3+ 70. Kd2 Kc4 71. Rc8+ Kb4 72. Rb8+ Ka3 73. Rd8 Nb3+ 74. Kc2 Kb4 75. Rb8+ Kc4 76. Rc8+ Nc5 77. Kd2 Rh3 78. Ke2 Kd4 79. Rd8+ Ke5 80. Re8+ Ne6 81. Kd2 Kd5 82. Ra8 Ke4 83. Re8 Kd5 84. Ra8 $1 Ke4 85. Re8 {[%emt 0:00:06] Black had all chances to win.  Weighted Error Value: White=0.22 (precise) /Black=0.14 (very precise)} 1/2-1/2

[Event "44th Chess Olympiad Women 2022"]
[Site "Chennai"]
[Date "2022.07.30"]
[Round "2.25"]
[White "Noshin, Anjum"]
[Black "Zimina, Olga"]
[Result "1-0"]
[ECO "B12"]
[WhiteElo "2027"]
[BlackElo "2340"]
[Annotator "TA"]
[PlyCount "109"]
[EventDate "2022.07.29"]
[EventType "team-tourn"]
[EventCountry "IND"]
[SourceTitle "playchess.com"]
[Source "ChessBase"]
[SourceQuality "1"]
[WhiteTeam "Bangladesh"]
[BlackTeam "Italy"]
[WhiteTeamCountry "BAN"]
[BlackTeamCountry "ITA"]
[TimeControl "40/5400+30:1800+30"]

1. e4 c6 2. d4 d5 3. e5 Qb6 4. Nf3 Bg4 5. Be2 e6 6. O-O {[%emt 0:01:10] B12: Caro-Kann: Advance Variation.} Ne7 7. Nbd2 Nf5 8. Nb3 (8. a4 $16) 8... Nd7 (8... c5 $5 ) 9. a4 a5 {[%emt 0:01:49] [#]} 10. h3 $146 ({Predecessor:} 10. c3 g6 11. Bf4 Bxf3 12. Bxf3 h5 13. Rb1 Bh6 14. Bxh6 Nxh6 15. Nc1 {½-½ (36) Dimovski,N (2405)-Marcetic,N (2357) Leskovac 2002}) 10... Bxf3 11. Bxf3 c5 12. dxc5 Bxc5 13. Nxc5 Qxc5 14. Bg4 O-O 15. Bxf5 exf5 16. Be3 Qc4 17. Qd4 Qxd4 18. Bxd4 Rfc8 19. c3 Nf8 20. Rfd1 Ne6 21. f3 Rc4 22. Be3 f4 23. Bf2 Rd8 24. Bb6 Rd7 25. Bxa5 d4 26. Bb6 {[%emt 0:04:08] Inhibits Rc5.} d3 27. Rd2 Rd5 28. Rad1 {[%emt 0:00:58] And now a5 would win.} Rxe5 {[%emt 0:00:08] [#] A mistake that costs the game.} (28... Rxa4 $14 29. Rxd3 Rxd3 30. Rxd3 Ra2) 29. Rxd3 $18 h6 (29... Kf8 {might work better.} 30. a5 Re2) 30. a5 Ra4 31. R3d2 g5 32. Kf2 Rb5 33. b4 Ra3 34. Rc2 Re5 35. c4 Rb3 (35... Ree3 $142 36. Bxe3 fxe3+ 37. Kg1 Kg7) 36. b5 Nc5 37. Bxc5 Rxc5 38. Ra1 ({Weaker is} 38. a6 bxa6 39. bxa6 Ra3 $16) 38... Rbxb5 $2 (38... Kg7 39. a6 bxa6) 39. cxb5 Rxc2+ {[%emt 0:00:04][%mdl 4096] Endgame KR-KR} 40. Kf1 {[%emt 0:00:07] [#] Black must now prevent a6.} Rc7 41. a6 bxa6 42. bxa6 {[%emt 0:00:54] Hoping for a7.} Ra7 43. Ke2 {[%emt 0:00:33] Kd3 is the strong threat.} Kf8 (43... Kg7 $142 44. Kd3 Kg6) 44. Kd3 Ke7 45. Kc4 Kd6 46. Kb5 Kc7 47. Re1 Ra8 48. Re7+ Kd6 49. Rxf7 Rb8+ 50. Rb7 Rxb7+ 51. axb7 {[%emt 0:00:00] White mates.} Kc7 52. Ka6 Kb8 53. Kb6 h5 54. Kc6 h4 55. Kd5 {[%emt 0:00:00] Weighted Error Value: White=0.12 (very precise) /Black=0.58} 1-0

[Event "44th Chess Olympiad Women 2022"]
[Site "Chennai"]
[Date "2022.07.30"]
[Round "2.25"]
[White "Khan, Nazrana"]
[Black "Cassi, Elisa"]
[Result "0-1"]
[ECO "E54"]
[WhiteElo "1829"]
[BlackElo "1922"]
[Annotator "TA"]
[PlyCount "94"]
[EventDate "2022.07.29"]
[EventType "team-tourn"]
[EventCountry "IND"]
[SourceTitle "playchess.com"]
[Source "ChessBase"]
[SourceQuality "1"]
[WhiteTeam "Bangladesh"]
[BlackTeam "Italy"]
[WhiteTeamCountry "BAN"]
[BlackTeamCountry "ITA"]
[TimeControl "40/5400+30:1800+30"]

1. d4 d5 2. c4 e6 3. Nf3 Nf6 4. Nc3 Bb4 5. e3 O-O 6. Bd3 dxc4 7. Bxc4 c5 8. O-O cxd4 9. exd4 b6 10. Ne5 Bb7 11. Bg5 Nbd7 12. Qe2 Bxc3 13. bxc3 Rc8 $1 {[%emt 0:00:18][%mdl 4] now scores much better than the old 13...Qc7. E54: Nimzo-Indian: Rubinstein: Main Line: 7...dxc4 8 Bxc4.} 14. Rac1 Nxe5 15. dxe5 Rc5 {[%emt 0:00:06] Hoping for ...Qc7. The position is equal.} 16. Bd3 {[%emt 0:04:21] [#] And now f4 would win.} Qc7 (16... Qd5 17. f4 $16) 17. Bxf6 gxf6 18. Qh5 f5 19. Qg5+ Kh8 20. Qf6+ ({Reject} 20. Qh6 Rg8 21. Qf6+ Rg7 $17) 20... Kg8 21. Rfe1 Qd8 $40 {[%emt 0:13:12][%mdl 128] White needs to defend precisely.} 22. Qh6 {[%emt 0:01:53] Re3 is the strong threat.} f6 {[%emt 0:13:41] [#]} ({Much less strong is} 22... Qxd3 23. Re3 Rd8 24. h4 $18 (24. Rxd3 Rxd3 25. h4 Ra5 $18)) 23. Re3 $146 {[%emt 0:08:06] White threatens Rg3+ and mate.} ({Predecessor:} 23. Rcd1 Qe7 24. exf6 Rxf6 25. Qf4 Qc7 26. Qh4 Rg6 27. Bf1 Rd5 28. Rxd5 Bxd5 29. c4 {½-½ (80) Compagnone,G (2265)-Gagliardi,V (2153) ICCF email 2017}) 23... Qe7 24. Rg3+ Kh8 25. exf6 Rxf6 26. Qg5 Qf7 {[%emt 0:03:25] Against Qg8+} 27. Rd1 $2 {[%emt 0:02:31][%mdl 8192] [#] Black keeps a firm grip on the game.} (27. Qf4 $11) 27... f4 $1 $19 28. Bf5 {[%emt 0:08:56] Intending Rd8+ and mate.} Rd5 {[%emt 0:07:44] Prevents Rd8+. Dancing on a razor blade.} 29. Rxd5 Bxd5 30. Qxf4 Rxf5 31. Qd2 Qf6 32. h3 h6 33. a3 Rg5 34. Qe3 Qe5 {[%emt 0:02:40] White must now prevent ...Qxe3.} 35. Rxg5 (35. Qd2 $142 Rxg3 36. fxg3) 35... Qxe3 36. Rg8+ Kxg8 37. fxe3 {[%emt 0:00:06][%mdl 4096] Endgame KB-KP} Kf7 38. Kf2 Kf6 {[%emt 0:00:12] aiming for ...Kf5.} 39. g4 Ke5 40. Kg3 Ke4 41. Kh4 Kxe3 {[%emt 0:31:21] Black mates.} 42. Kh5 Bg2 43. Kxh6 Bxh3 44. g5 Bf5 45. Kg7 Kf4 46. Kf6 e5 47. a4 e4 {[%emt 0:01:31] Weighted Error Value: White=1.05/Black=0.02 (flawless)} 0-1

[Event "44th Chess Olympiad Women 2022"]
[Site "Chennai"]
[Date "2022.07.30"]
[Round "2.26"]
[White "Urh, Zala"]
[Black "Ortiz Verdezoto, Anahi"]
[Result "0-1"]
[ECO "E44"]
[WhiteElo "2321"]
[BlackElo "2046"]
[Annotator "TA"]
[PlyCount "98"]
[EventDate "2022.07.29"]
[EventType "team-tourn"]
[EventCountry "IND"]
[SourceTitle "playchess.com"]
[Source "ChessBase"]
[SourceQuality "1"]
[WhiteTeam "Slovenia"]
[BlackTeam "Ecuador"]
[WhiteTeamCountry "SLO"]
[BlackTeamCountry "ECU"]
[TimeControl "40/5400+30:1800+30"]

1. d4 Nf6 2. c4 e6 3. Nc3 Bb4 4. e3 b6 5. Nge2 O-O 6. a3 Bxc3+ 7. Nxc3 d5 {[%emt 0:00:06] was the old line (7...Bb7).} 8. cxd5 exd5 {[%emt 0:02:43] E44: Nimzo-Indian: Rubinstein: 4...b6 5 Ne2.} 9. Bd3 Re8 10. O-O Nbd7 {[%emt 0:03:03] The position is equal.} 11. b4 Bb7 12. Bb2 {[%emt 0:02:35] [#]} Ne4 $146 ({Predecessor:} 12... c5 13. dxc5 bxc5 14. Nb5 Re6 15. Rc1 a6 16. Nc3 d4 17. exd4 cxd4 18. Ne2 Ne5 19. Nxd4 Nxd3 20. Qxd3 {1-0 (68) Hernandez Carmenates,H (2510)-Mujumdar,S (2089) Philadelphia 2017}) 13. Rc1 Ndf6 14. Re1 a6 15. f3 Nd6 16. Rc2 Qd7 17. g4 ({White should try} 17. Rce2 $14) 17... Re7 18. Rce2 b5 19. Bb1 a5 20. Qd3 g6 21. Bc1 axb4 22. axb4 Rae8 23. Nd1 Nc4 24. Nf2 Qd6 25. Qc3 Bc6 26. Kg2 Re6 27. Nd3 Nd7 28. Nf4 R6e7 29. h4 Nf8 30. h5 Ne6 31. Nh3 gxh5 32. Qd3 $2 {[%emt 0:16:11] Now White is beyond hope.} (32. gxh5 $11 {and White is okay.} Kh8 33. Rg1) 32... f6 $19 33. Nf2 Rg7 {[%emt 0:01:13] Dancing on a razor blade.} (33... Qxb4 34. Rh1 $15) 34. Rh1 Ree7 {[%emt 0:02:27] 0x0.0024d8172154dp-1022s more active pieces.} ({Weaker is} 34... Qxb4 35. Rxh5 Qe7 36. Ra2 $15) 35. Kf1 (35. Rxh5 $17 Be8 36. Rh4) 35... Ng5 {[%emt 0:02:31] Pair of Knights!} ({And not} 35... Qxb4 36. Rxh5 Ng5 37. e4 $17) 36. f4 {[%emt 0:00:56] [#]} Ne4 37. Nxe4 dxe4 38. Qc2 hxg4 ({Not} 38... Qxb4 $2 39. gxh5 Kh8 40. Ba2 $19) 39. Rg2 Qxb4 40. Ba2 Bd5 41. Rh5 c6 {[%emt 0:08:55] [#] And now ...Ra7 would win.} 42. Qe2 $2 (42. Bd2 Qd6 43. Kg1) 42... Qc3 43. Bd2 (43. Qe1 $142 Qxe1+ 44. Kxe1) 43... Qa3 44. Bb1 Qb3 45. Qe1 Na3 46. Bb4 Ra7 47. Bc5 Ra4 {[%emt 0:00:12] Strongly threatening ...Nc4.} 48. Bxa3 Rxa3 49. Rf5 Ra1 {[%emt 0:00:39] Weighted Error Value: White=0.62/Black=0.23 (precise)} 0-1

[Event "44th Chess Olympiad Women 2022"]
[Site "Chennai"]
[Date "2022.07.30"]
[Round "2.26"]
[White "Rozman, Monika"]
[Black "Miranda Vargas, Analia Karen"]
[Result "1-0"]
[ECO "C54"]
[WhiteElo "2104"]
[BlackElo "1723"]
[Annotator "TA"]
[PlyCount "103"]
[EventDate "2022.07.29"]
[EventType "team-tourn"]
[EventCountry "IND"]
[SourceTitle "playchess.com"]
[Source "ChessBase"]
[SourceQuality "1"]
[WhiteTeam "Slovenia"]
[BlackTeam "Ecuador"]
[WhiteTeamCountry "SLO"]
[BlackTeamCountry "ECU"]
[TimeControl "40/5400+30:1800+30"]

1. e4 e5 2. Nf3 Nc6 3. Bc4 Bc5 4. c3 Nf6 5. d3 d6 6. O-O h6 7. Nbd2 O-O 8. h3 Bb6 {[%emt 0:03:20] C54: Giuoco Piano: 4 c3 Nf6, main lines with 5 d4 and 5 d3.} 9. Re1 Re8 10. Nf1 Ne7 {[%emt 0:03:15] The position is equal.} 11. Nh4 c6 12. Qf3 {[%emt 0:03:01][%cal Oc1h6] With the idea Bxh6!} d5 13. Bb3 {[%emt 0:00:46][%cal Oc1h6] next Bxh6! is good for White.} Qd6 {[%emt 0:06:09] [#]} 14. Ng3 $146 ({Predecessor:} 14. g4 Ng6 15. Nf5 Bxf5 16. gxf5 Nf4 17. Bxf4 exf4 18. exd5 cxd5 19. d4 Ne4 20. Bc2 {½-½ (42) Herrera,M (2090)-Pulido,D (2011) Puerto Boyaca 2012}) 14... a5 15. a4 Kh7 (15... g5 $11 {feels stronger.} 16. Nhf5 Nxf5 17. Nxf5 Bxf5 18. Qxf5 Qe6) 16. Be3 Bxe3 17. Qxe3 Be6 (17... Ng6 $11 {remains equal.} 18. Nxg6 fxg6) 18. d4 $1 $16 exd4 {[%emt 0:01:51] [#]} (18... Ng6 $142) 19. Qxd4 (19. Qd3 $1 $16 dxe4 20. Nxe4 Nxe4 21. Rxe4) 19... Qf4 $14 {[%emt 0:01:27] [#]} 20. Bc2 $1 {[%emt 0:08:12] Threatens to win with exd5+.} Kg8 (20... Kh8 21. e5) 21. e5 Qxd4 22. cxd4 Ne4 23. Bxe4 dxe4 24. Nxe4 Red8 25. Nd6 g5 26. Nf3 ({Don't blunder} 26. Nxb7 $2 Rdb8 27. Nc5 gxh4 $19) 26... Rd7 (26... Nf5 $14) 27. Nd2 $16 Nf5 28. N2e4 {[%emt 0:01:14] Nf6+ is the strong threat. Pair of Knights!} Kg7 29. Nxf5+ Bxf5 30. Nd6 Be6 31. Rec1 Ra6 32. Rc5 Rb6 33. Rxa5 Rxb2 34. Ra7 Rb4 {[%emt 0:01:16] [#]} 35. Rd1 $1 Bb3 (35... b6 $142 36. Ra8 Kg6) 36. Rb1 {[%emt 0:01:09] Black must now prevent a5. White is more active.} Rxa4 37. Rxa4 ({Don't do} 37. Rxb7 $6 Rxb7 38. Nxb7 Bd5 $14) 37... Bxa4 38. Rxb7 Rxb7 39. Nxb7 {[%emt 0:00:03][%mdl 4096] Endgame KB-KN} f6 40. exf6+ Kxf6 41. f3 Bb5 42. Kf2 Ke6 43. Ke3 (43. g3 $16) 43... Kd5 (43... Bf1 $1 $11) 44. Nd8 Bf1 45. g4 {[%emt 0:00:00] aiming for Nf7.} c5 $2 {[%emt 0:00:00] A mistake that costs the game.} (45... Bxh3 $16 46. Nf7 Ke6 47. Nxh6 Bf1) 46. dxc5 $18 {[%emt 0:00:00] White wants to mate with c6.} Kxc5 47. Nf7 {[%emt 0:00:00] White mates.} Kd5 48. Nxh6 Ke5 49. Nf5 Bb5 50. h4 Kf6 51. Nd6 Bc6 52. Ne4+ {[%emt 0:00:00] Weighted Error Value: White=0.13 (very precise) /Black=0.25 (precise)} 1-0

[Event "44th Chess Olympiad Women 2022"]
[Site "Chennai"]
[Date "2022.07.30"]
[Round "2.26"]
[White "Heredia Serrano, Carla"]
[Black "Unuk, Laura"]
[Result "1/2-1/2"]
[ECO "B11"]
[WhiteElo "2090"]
[BlackElo "2340"]
[Annotator "TA"]
[PlyCount "100"]
[EventDate "2022.07.29"]
[EventType "team-tourn"]
[EventCountry "IND"]
[SourceTitle "playchess.com"]
[Source "ChessBase"]
[SourceQuality "1"]
[WhiteTeam "Ecuador"]
[BlackTeam "Slovenia"]
[WhiteTeamCountry "ECU"]
[BlackTeamCountry "SLO"]
[TimeControl "40/5400+30:1800+30"]

1. e4 c6 2. Nc3 d5 3. Nf3 Bg4 4. h3 Bxf3 5. Qxf3 e6 6. g3 Nf6 7. Bg2 Nbd7 8. O-O Bd6 {[%emt 0:05:14] 8...Bc5 gains popularity. B11: Caro-Kann: Two Knights Variation.} (8... Ne5 $11 9. Qf4 Ng6) 9. d3 O-O 10. Qe2 (10. d4 $5 ) 10... dxe4 11. dxe4 e5 12. Nd1 {[%emt 0:02:12][%cal Bc3d1,Bd1e3,Be3c4][%mdl 32] [#]} Qc7 $146 ({Predecessor:} 12... Bc5 13. Ne3 Re8 14. Bd2 Qc7 15. b4 Bf8 16. a4 Rad8 17. a5 g6 18. Nc4 Bg7 {1-0 (77) Vorobiov,E (2581)-Kantorik,M (2305) Teplice 2012}) 13. Ne3 Rfd8 14. a4 (14. Nf5 {seems wilder.} Bc5 15. h4 a5 16. Rd1) 14... Bf8 15. Nc4 Nc5 16. a5 b5 17. axb6 axb6 18. Bg5 Be7 19. h4 b5 {[%emt 0:05:19] [#] Strongly threatening ...Rxa1.} 20. Bxf6 Bxf6 21. Ne3 Ne6 22. Qg4 Kh8 23. Bh3 Ra4 24. Rxa4 bxa4 25. Rd1 Kg8 26. Rxd8+ Qxd8 27. Qd1 (27. Qf3 $14) 27... Qe7 $2 (27... Qxd1+ $11 28. Nxd1 Nc5) 28. Bxe6 $18 Qxe6 {[%emt 0:00:20][%mdl 4096] Endgame KQB-KQN} 29. Qd3 Qa2 30. Nc4 (30. Qa6 $142 {White threatens Qc8+ and mate.} Be7 31. Qxc6) 30... h5 $16 31. Kg2 {[%emt 0:00:43] White is more active.} Be7 32. Qc3 (32. Nxe5 Qxb2 33. Nxc6 Bf8 $11) 32... f6 33. Ne3 Bf8 (33... c5 $16 34. Qa5 Qxb2) 34. Qxc6 $18 {[%emt 0:00:19] Threatens to win with Qb5.} Qxb2 35. Qxa4 Kh7 $2 (35... Qb7 {keeps fighting.} 36. Nd5 Qc8) 36. Qe8 Bc5 37. Qxh5+ Kg8 38. Qe8+ Kh7 39. Qh5+ Kg8 40. Qe2 ({Don't take} 40. Qe8+ Kh7 41. Qh5+ $18) (40. Ng4 $142 Qxc2 41. Qg6 (41. Qe8+ Kh7 $16)) 40... Bxe3 41. fxe3 {[%emt 0:06:04] KQ-KQ} (41. Qxe3 $18 {And now Qb3+ would win.} Qxc2 42. g4) 41... Qc1 $11 42. Qd3 Kh7 43. c4 {[%emt 0:07:09] Black must now prevent Kf3.} Kh6 44. Qe2 (44. Kf2 $14) 44... Qc3 (44... Qb1 $11) 45. Kh3 (45. Kf2 $14 {deserves consideration.}) 45... Qc1 46. Kg4 ({Better is} 46. g4 $14) 46... Qb1 {[%emt 0:07:56] The position is equal.} 47. Kf5 {[%emt 0:03:24] [#] aiming for g4.} Qb7 48. Ke6 {[%emt 0:03:03] Inhibits Qd7+.} Qc6+ 49. Ke7 Qc7+ 50. Ke6 Qc6+ {[%emt 0:00:33] Blacks defense is rewarded with a draw.  Weighted Error Value: White=0.35/Black=0.27 (precise)} 1/2-1/2

[Event "44th Chess Olympiad Women 2022"]
[Site "Chennai"]
[Date "2022.07.30"]
[Round "2.26"]
[White "Penafiel Mendoza, Josselyne"]
[Black "Vidic, Teja"]
[Result "1-0"]
[ECO "D38"]
[WhiteElo "1804"]
[BlackElo "2099"]
[Annotator "TA"]
[PlyCount "143"]
[EventDate "2022.07.29"]
[EventType "team-tourn"]
[EventCountry "IND"]
[SourceTitle "playchess.com"]
[Source "ChessBase"]
[SourceQuality "1"]
[WhiteTeam "Ecuador"]
[BlackTeam "Slovenia"]
[WhiteTeamCountry "ECU"]
[BlackTeamCountry "SLO"]
[TimeControl "40/5400+30:1800+30"]

1. d4 Nf6 2. c4 e6 3. Nf3 d5 4. Nc3 Bb4 5. Qa4+ Nc6 6. e3 O-O 7. Bd3 {[%emt 0:01:55] D38: Queen's Gambit Declined: Ragozin Defence (4 Nf3 Bb4).} dxc4 8. Bxc4 a6 9. O-O {[%emt 0:01:42] The position is equal.} Bd6 10. a3 e5 11. d5 Ne7 {[%emt 0:00:32] Threatening ...e4.} 12. e4 Ng6 13. Re1 h6 14. Qc2 {[%emt 0:05:44] [#]} Nh5 $146 ({Predecessor:} 14... Qe7 15. Nd2 Bd7 16. Nf1 Nh7 17. Ng3 Nh4 18. Nf5 Nxf5 19. exf5 Qh4 20. Bd2 e4 {1-0 (51) Moran Nuque,A (2375)-Estevez Morales,G (2340) Cuba 1993}) 15. g3 (15. Nd2 $142) 15... Bg4 16. Be2 Qd7 17. Be3 Ne7 18. Qa4 b5 19. Qb3 Kh8 20. Rad1 f5 21. exf5 Rxf5 22. Nh4 Rf7 23. Qc2 Raf8 24. Ne4 (24. f3 $5 Bf5 25. Nxf5 Nxf5 26. Bf2 $14) 24... Nf6 25. Nc5 Qc8 26. Bxg4 (26. Ne4 $11) 26... Nxg4 (26... Qxg4 $15 {keeps the upper hand.} 27. Ne6 (27. Nxa6 g5 $17) 27... Rg8) 27. Ne6 $16 Nxe3 28. fxe3 Re8 29. Ng6+ {[%emt 0:02:36] Pair of Knights!} Kg8 30. Nxe7+ Rexe7 31. Rf1 c5 32. Qg6 Qd7 33. Kg2 c4 34. h4 (34. Qg4 $14 {was preferrable.}) 34... a5 $11 35. g4 Rxf1 $1 36. Rxf1 $40 {[%emt 0:00:17][%csl Ge6][%cal Rf1f8][%mdl 128] White attacks.} Rf7 {[%emt 0:00:11] Prevents Rf8+.} 37. Rf5 b4 38. axb4 axb4 39. g5 hxg5 40. Rxg5 {[%emt 0:00:59] Threatens to win with Rh5.} (40. Qxg5 Be7 41. Qg6 Qxd5+ 42. Kg3 Bxh4+ 43. Kh2 (43. Kxh4 $2 Qh1+ 44. Kg5 Qg2+ 45. Kh5 Qh3+ 46. Kg5 Qxe3+ 47. Kh4 Qe1+ 48. Kh5 Qh1+ 49. Kg5 Qg2+ 50. Kh5 Qxg6+ 51. Kxg6 Rxf5 $19) 43... Qd2+ 44. Kh3 Qxe3+ 45. Kxh4 Qe4+ 46. Kg5 Rxf5+ 47. Qxf5 Qxf5+ 48. Kxf5 c3 49. bxc3 b3 50. Kxe5 b2 $19) 40... Be7 $2 (40... Qb5 $1 $11 41. e4 (41. Rf5 $2 Qxd5+ 42. Kg3 e4+ 43. Rf4 Bxf4+ 44. Nxf4 Qe5 $19) 41... c3) 41. Rxe5 $18 {[%emt 0:31:14] White wants to mate with Rh5.} Qe8 {[%emt 0:07:42][%cal Of7f2] aiming for ...Rf2+!} 42. Nf4 Qf8 (42... Qd7 $142 43. Ne6 Qe8) 43. Rh5 (43. Qe6 $142 g6 44. Nxg6) 43... Rf6 44. Qh7+ Kf7 45. Qe4 $2 (45. Ne6 $18 Qg8 46. Ng5+ Kf8 47. Qe4) 45... Qc8 $16 46. Ne6 Rg6+ 47. Kf3 {[%emt 0:00:00] 0x0.0016820035aedp-1022s more active pieces.} ({Much worse is} 47. Ng5+ $6 Bxg5 48. hxg5 c3 $11) (47. Kh1 $1 $16 {Threatening mate with Qf5+.} Rxe6 48. dxe6+ Qxe6 49. Qf4+ Bf6 50. Rc5) 47... c3 $11 48. Rf5+ Bf6 $2 (48... Kg8 $11 {and Black stays safe.} 49. bxc3 bxc3) 49. bxc3 $1 $18 ({But not} 49. Qxb4 $2 c2 50. Qe1 c1=Q $19) 49... bxc3 {[%emt 0:00:21] [#] ...c2 is the strong threat.} 50. Nd4 ({White should play} 50. Nf4 $1 $18 {And now d6 would win.} Rh6 51. d6) 50... Kg8 $14 {[%emt 0:01:25] Strongly threatening ...Bxd4.} 51. Nc6 (51. Qe6+ $14 Qxe6 52. dxe6) 51... Bxh4 $11 {[%emt 0:00:49] Hoping for ...Rg3+.} 52. Rf4 Rg3+ 53. Kf2 Rg4+ 54. Kf3 Rg3+ 55. Ke2 Qa6+ 56. Qc4 {[%emt 0:00:03] Dancing on a razor blade.} Rg2+ (56... Qxc4+ $1 $11 {keeps the balance.} 57. Rxc4 Bf6) 57. Kd3 $1 $16 Qxc4+ (57... Rd2+ $2 58. Kxc3 Qxc4+ 59. Kxc4 $18) 58. Rxc4 {[%emt 0:00:28][%mdl 4096] Endgame KRB-KRN} Be1 (58... Bf6 $16 {was necessary.}) 59. e4 (59. Nd4 $18 {is more deadly.}) 59... g5 $2 {[%emt 0:01:39] A mistake that costs the game.} (59... Rd2+ $16 60. Ke3 Kf8) 60. e5 $18 {[%emt 0:00:54] Black must now prevent d6.} g4 $2 (60... Rd2+ 61. Ke3 Kg7) 61. e6 Kf8 62. Rf4+ {[%emt 0:00:06] White mates.} Ke8 63. e7 Rd2+ 64. Kc4 Re2 65. Rf8+ Kd7 66. Rd8+ Kc7 67. e8=Q Rxe8 68. Rxe8 Bd2 69. Nd4 g3 70. Rg8 Be1 71. Nb5+ Kd7 72. Nxc3 {[%emt 0:00:01] Weighted Error Value: White=0.38/Black=0.38} (72. Rg7+ $142 Kd8 73. Nxc3 Ke8 74. d6 Bd2 75. Ne4 Kf8 {[#]} 76. Nxd2 $1 Kxg7 77. d7) 1-0